Map: Lightshade LE

Players

Rail

  • Race: Protoss Protoss

HeroMarine - Winner!

  • Race: Terran Terran

Event: DreamHack SC2 Masters 2021 Winter

VOD

Have the link to the VOD?

Description

Time

  • Played on: Oct. 3, 2021, 12:22 p.m.
  • Length: 8:33

All games in this series

Show
View Real Time Build Order
Export as new Build Order

Rail Protoss 

Build Orders: 1 Gate Expand, Phoenix Opening, Chargelot Immortal, Mass Phoenix 

Get SALT Encoding   

  12  0:01  Probe  
  13  0:13  Probe  
  14  0:18  Pylon  
  14  0:25  Probe (Chrono Boost)  
  15  0:37  Gateway, Probe (Chrono Boost)  
  16  0:45  Probe (Chrono Boost)  
  16  0:47  Assimilator  
  17  0:51  Probe  
  18  1:03  Probe  
  19  1:15  Probe  
  20  1:25  Cybernetics Core  
  20  1:33  Nexus  
  20  1:39  Pylon  
  20  1:44  Assimilator  
  20  1:47  Probe  
  21  1:59  Probe  
  21  2:01  Adept  
  24  2:11  Probe (Chrono Boost)  
  24  2:12  Stargate  
  25  2:21  Warp Gate  
  25  2:23  Probe (Chrono Boost)  
  26  2:31  Adept  
  26  2:32  Probe (Chrono Boost)  
  29  2:39  Probe (Chrono Boost)  
  30  2:45  Probe (Chrono Boost)  
  32  2:54  Phoenix (Chrono Boost), Probe x2 (Chrono Boost)  
  35  2:59  Probe (Chrono Boost)  
  35  3:01  Adept, Probe  
  39  3:11  Probe  
  39  3:12  Robotics Facility  
  40  3:14  Probe  
  40  3:19  Gateway  
  41  3:23  Probe  
  42  3:27  Pylon  
  42  3:28  Probe  
  39  3:42  Phoenix, Probe  
  39  3:44  Probe (Chrono Boost)  
  40  3:55  Probe (Chrono Boost)  
  41  3:56  Probe (Chrono Boost)  
  41  3:58  Assimilator  
  41  4:00  Observer  
  41  4:01  Assimilator  
  43  4:04  Probe x2 (Chrono Boost)  
  43  4:07  Phoenix (Chrono Boost)  
  43  4:09  Probe (Chrono Boost)  
  47  4:10  Probe  
  47  4:14  Pylon  
  49  4:21  Probe  
  49  4:22  Pylon  
  50  4:25  Probe  
  50  4:28  Phoenix (Chrono Boost)  
  53  4:35  Nexus  
  53  4:43  Probe  
  53  4:44  Probe  
  55  4:47  Phoenix, Pylon  
  55  4:50  Sentry  
  59  4:57  Twilight Council  
  59  4:59  Probe  
  60  5:00  Probe  
  60  5:05  Immortal (Chrono Boost)  
  65  5:11  Probe  
  65  5:13  Phoenix (Chrono Boost)  
  68  5:15  Zealot  
  68  5:17  Probe  
  68  5:20  Zealot  
  73  5:28  Pylon  
  73  5:35  Phoenix (Chrono Boost)  
  75  5:40  Zealot  
  75  5:42  Charge  
  77  5:46  Immortal, Stalker  
  77  5:48  Probe  
  84  5:50  Probe  
  84  5:54  Probe (Chrono Boost)  
  86  5:57  Phoenix  
  86  6:03  Probe (Chrono Boost)  
  90  6:04  Probe (Chrono Boost)  
  90  6:06  Probe (Chrono Boost)  
  91  6:12  Stalker  
  91  6:13  Zealot  
  91  6:14  Probe (Chrono Boost)  
  91  6:15  Probe (Chrono Boost), Pylon  
  91  6:17  Probe (Chrono Boost)  
  98  6:20  Probe (Chrono Boost)  
  98  6:22  Phoenix  
  101  6:27  Pylon  
  101  6:30  Templar Archives  
  101  6:33  Probe x2  
  101  6:37  Nexus  
  103  6:40  Zealot  
  103  6:42  Zealot  
  103  6:45  Probe  
  108  6:47  Pylon  
  108  6:48  Assimilator  
  108  6:50  Probe  
  109  7:00  Psionic Storm  
  91  7:02  Probe  
  91  7:03  Probe  
  91  7:04  Zealot, Sentry  
  91  7:05  Immortal  
  91  7:06  Probe  
  102  7:09  Assimilator  
  102  7:13  Phoenix (Chrono Boost)  
  102  7:15  Probe x2  
  106  7:18  Probe  
  107  7:24  Gateway, Zealot  
  107  7:25  Gateway  
  107  7:27  Zealot  
  111  7:35  Phoenix (Chrono Boost)  
  101  7:40  Probe x2  
  101  7:42  Gateway  
  101  7:43  Immortal (Chrono Boost)  
  103  7:46  Gateway  
  103  7:47  Sentry  
  103  7:50  Pylon  
  109  7:51  Probe  
  109  7:53  Phoenix, High Templar  
  109  7:57  Forge  
  114  8:00  Shield Battery  
  114  8:04  Forge  
  114  8:09  Pylon x2  
  114  8:11  High Templar  
  112  8:16  Archon  
Show
View Real Time Build Order
Export as new Build Order

HeroMarine Terran - Winner!

Build Orders:  

Get SALT Encoding   

  12  0:00  SCV  
  13  0:12  SCV  
  14  0:17  Supply Depot  
  14  0:24  SCV  
  15  0:38  SCV  
  15  0:40  Barracks  
  16  0:43  Refinery  
  16  0:51  SCV  
  17  1:03  SCV  
  18  1:15  SCV  
  19  1:26  Marine  
  19  1:27  Orbital Command  
  20  1:38  Command Center  
  20  1:44  Barracks Reactor  
  20  1:49  Supply Depot  
  20  1:52  SCV  
  21  2:04  SCV  
  21  2:06  Factory  
  22  2:16  SCV  
  22  2:18  Refinery  
  22  2:21  Marine x2  
  25  2:28  SCV  
  26  2:38  Marine  
  26  2:39  Marine  
  26  2:40  SCV  
  29  2:49  Hellion  
  29  2:50  Starport, Orbital Command  
  31  2:53  SCV  
  31  2:57  Marine x2  
  34  3:05  SCV  
  35  3:11  Widow Mine, Supply Depot  
  37  3:16  SCV  
  37  3:17  SCV  
  37  3:18  Marine x2  
  41  3:27  Medivac  
  41  3:31  SCV  
  44  3:35  SCV  
  43  3:43  SCV, Marine x2  
  43  3:44  Factory Tech Lab  
  43  3:47  SCV  
  43  3:55  SCV  
  43  3:59  SCV  
  43  4:01  Supply Depot, Marine x2  
  46  4:03  Cyclone  
  46  4:04  Viking  
  46  4:07  SCV  
  52  4:11  SCV  
  52  4:14  Supply Depot  
  53  4:18  Marine  
  53  4:22  SCV, Marine  
  53  4:23  SCV  
  57  4:25  Command Center  
  57  4:34  SCV  
  57  4:35  SCV, Siege Tank  
  57  4:37  Viking  
  64  4:40  Supply Depot, Marine  
  64  4:42  Marine  
  66  4:46  SCV  
  66  4:47  SCV  
  66  4:49  Barracks  
  68  4:58  SCV  
  68  4:59  SCV, Barracks  
  70  5:01  Marine x2  
  70  5:05  Refinery  
  70  5:06  Engineering Bay  
  72  5:10  Starport Tech Lab  
  72  5:11  SCV x2  
  73  5:14  Siege Tank  
  73  5:18  Refinery  
  76  5:22  Marine x2  
  78  5:31  Barracks  
  78  5:32  Barracks  
  78  5:35  Terran Infantry Weapons Level 1  
  78  5:37  SCV x2  
  80  5:45  Stimpack  
  80  5:47  Orbital Command  
  80  5:48  Barracks Tech Lab, Starport Reactor  
  80  5:49  SCV x2  
  82  5:52  Marine x2  
  82  5:54  Marine  
  85  6:01  SCV x2  
  85  6:03  Supply Depot  
  87  6:04  Supply Depot  
  87  6:06  Siege Tank  
  87  6:10  Missile Turret  
  89  6:12  Missile Turret  
  89  6:13  SCV x2  
  89  6:17  Orbital Command  
  91  6:23  Barracks Reactor, Combat Shield, Barracks Tech Lab  
  91  6:25  Bunker  
  91  6:26  Marine  
  91  6:27  Marauder x2  
  91  6:29  Marine  
  91  6:30  SCV  
  91  6:31  SCV  
  99  6:35  Medivac x2  
  103  6:41  Missile Turret  
  103  6:42  Supply Depot  
  103  6:43  SCV x3  
  106  6:49  Siege Tank  
  104  6:56  SCV x2  
  104  6:58  SCV  
  99  7:03  Marauder x2  
  99  7:04  Marauder  
  99  7:05  Marine x3  
  99  7:07  Marine  
  108  7:09  Medivac x2  
  108  7:10  Concussive Shells  
  108  7:12  SCV  
  108  7:13  SCV x2  
  115  7:19  Supply Depot  
  115  7:21  Supply Depot  
  115  7:23  Marine  
  115  7:24  Marauder x2, Marine  
  115  7:25  Marine  
  115  7:26  Marauder, Marine  
  125  7:33  Siege Tank  
  122  7:38  SCV x3  
  122  7:43  Marine x3  
  126  7:45  Marine  
  126  7:46  Marauder x2  
  126  7:47  Marauder  
  126  7:48  Supply Depot  
  133  7:53  Medivac  
  133  7:55  Medivac  
  137  8:07  Marauder x2  
  137  8:09  SCV x3, Refinery x2  
  144  8:16  Supply Depot  
  144  8:18  Supply Depot  

Tags
 
Add a new tag
Caveats
  • Supply blocks, unpowered buildings, or Contaminate may cause inaccurate times.
  • Supply counts are checked every 10 seconds.